General information
- name: blunt2
- type: Custom game
- host: HoneyBlunt
- saver: Nevergiveup
map: EchoIsles
- players: 8
- length: 24:51
- speed: Fast
- version: 1.24 W3XP
- replay type: Public
» download(98 KB)
Players
team 1 (winner)

»
HoneyBlunt (
red | 101 APM | 2491 actions | 24:46)
6 Keeper of the Grove
3 Entangling Roots
2 Force of Nature
1 Tranquility
2 Warden
1 Shadow Strike
1 Blink
» actions
| Assign group hotkey | 49 | |
| Basic commands | 26 | |
| Build / train | 85 | |
| ESC pressed | 2 | |
| Enter build submenu | 16 | |
| Enter hero's abilities submenu | 8 | |
| Remove unit from queue | 1 | |
| Right click | 1437 | |
| Select / deselect | 443 | |
| Select group hotkey | 333 | |
| Use ability | 91 | |
2491 total
» units
| Wisp | 13 | |
| Archer | 13 | |
| Huntress | 14 | |
| Dryad | 13 | |
53 total
» upgrades
| Abolish Magic | 1 | |
| Strength of the Moon | 1 | |
| Strength of the Wild | 2 | |
| Nature's Blessing | 1 | |
| Improved Bows | 1 | |
| Ultravision | 1 | |
| Marksmanship | 1 | |
8 total
» buildings
| Moon Well | 6 | |
| Altar of Elders | 1 | |
| Ancient of War | 1 | |
| Ancient of Wonders | 1 | |
| Hunter's Hall | 1 | |
| Tree of Ages | 1 | |
| Ancient Protector | 1 | |
| Ancient of Lore | 1 | |
| Tree of Life | 3 | |
| Tree of Eternity | 3 | |
19 total
» build order
00:18 Moon Well
00:19 Altar of Elders
00:50 Ancient of War
01:40 Moon Well
02:13 Ancient of Wonders
02:28 Moon Well
03:27 Hunter's Hall
04:09 Tree of Ages
04:38 Ancient Protector
06:35 Ancient of Lore
07:38 Moon Well
07:40 Moon Well
14:58 Tree of Life
17:37 Moon Well
19:05 Tree of Life
19:14 Tree of Eternity
19:14 Tree of Eternity
23:04 Tree of Life
» items
| Boots of Speed | 1 | |
| Potion of Lesser Invulnerability | 1 | |
| Lesser Clarity Potion | 1 | |
| Potion of Healing | 3 | |
| Scroll of Town Portal | 3 | |
9 total
team 2 (loser)
SMERB.COM.COM (
blue | 93 APM | 2310 actions | 24:45)
5 Death Knight
3 Death Coil
2 Unholy Aura
4 Lich
2 Frost Nova
2 Frost Armor
1 Beastmaster
1 Summon Quilbeast
» actions
| Assign group hotkey | 34 | |
| Basic commands | 61 | |
| Build / train | 105 | |
| ESC pressed | 12 | |
| Enter build submenu | 22 | |
| Enter hero's abilities submenu | 10 | |
| Give item / drop item | 4 | |
| Remove unit from queue | 1 | |
| Right click | 1088 | |
| Select / deselect | 446 | |
| Select group hotkey | 359 | |
| Use ability | 168 | |
2310 total
» units
| Acolyte | 15 | |
| Ghoul | 5 | |
| Crypt Fiend | 14 | |
| Forest Troll Shadow Priest | 1 | |
| Frost Wyrm | 6 | |
41 total
» upgrades
| Creature Attack | 3 | |
| Burrow | 1 | |
| Creature Carapace | 1 | |
5 total
» buildings
| Crypt | 1 | |
| Graveyard | 1 | |
| Altar of Darkness | 1 | |
| Ziggurat | 11 | |
| Nerubian Tower | 1 | |
| Tomb of Relics | 1 | |
| Halls of the Dead | 5 | |
| Black Citadel | 2 | |
| Sacrificial Pit | 1 | |
| Boneyard | 1 | |
| Spirit Tower | 3 | |
28 total
» build order
00:07 Crypt
00:20 Graveyard
00:42 Altar of Darkness
00:59 Ziggurat
02:16 Nerubian Tower
02:20 Tomb of Relics
02:35 Ziggurat
03:25 Ziggurat
03:56 Halls of the Dead
03:56 Halls of the Dead
03:57 Halls of the Dead
06:08 Ziggurat
06:36 Black Citadel
06:36 Black Citadel
08:21 Sacrificial Pit
10:14 Boneyard
11:54 Ziggurat
11:55 Ziggurat
19:42 Ziggurat
20:34 Spirit Tower
20:34 Spirit Tower
23:18 Ziggurat
23:20 Ziggurat
24:20 Ziggurat
24:21 Ziggurat
» items
| Rod of Necromancy | 4 | |
| Dust of Appearance | 2 | |
| Potion of Mana | 5 | |
| Potion of Invulnerability | 1 | |
| Orb of Corruption | 2 | |
| Claws of Attack +9 | 1 | |
| Potion of Healing | 2 | |
| Scroll of Town Portal | 3 | |
| Scroll of Healing | 1 | |
21 total
observersKILLER.GOAT,
Sexy-MeatWagon,
Nevergiveup,
Ghetto_OverIord,
Q-veta,
TehPactisSealed Chat log
(00:02 / Observers) Nevergiveup: rofl
(00:05 / All) HoneyBlunt: i start now
(00:06 / Observers) TehPactisSealed: jaws asked me for the gn
(00:07 / Observers) Q-veta: did anyone save the first game?
(00:11 / Observers) KILLER.GOAT: lol
(00:13 / Observers) TehPactisSealed: i replied with nigger, i hope he got it
(00:15 / Observers) Nevergiveup: i have lastreplay
(00:15 / All) SMERB.COM.COM: You start when I tell you to you fucking kike.
(00:23 / Observers) TehPactisSealed: remember
(00:25 / Observers) Q-veta: he asked me too
(00:25 / Observers) TehPactisSealed: the obs chat?
(00:27 / Observers) TehPactisSealed: dont post
(00:28 / All) HoneyBlunt: yesssir
(00:34 / All) SMERB.COM.COM: Obedient, I like that.
(00:42 / Observers) TehPactisSealed: is he scouting
(00:46 / Observers) TehPactisSealed: what i think he is scouting
(00:48 / Observers) Q-veta: i've never seen hb play elf
(00:50 / Observers) KILLER.GOAT: lmfao
(00:51 / Observers) TehPactisSealed: yes he is
(00:52 / Observers) TehPactisSealed: scouting
(00:54 / Observers) KILLER.GOAT: dfjhjfhsdjfsdasd
(00:55 / Observers) Q-veta: maybe he's really good at it
(00:57 / Observers) TehPactisSealed: down there
(00:59 / Observers) KILLER.GOAT: you cant write this
(01:02 / Observers) KILLER.GOAT: omfg
(01:02 / Observers) Q-veta: lol
(01:06 / Observers) TehPactisSealed: now he thinks
(01:07 / Observers) Q-veta: oh man i'm loling so hard
(01:12 / Observers) TehPactisSealed: smerb started
(01:13 / Observers) TehPactisSealed: there
(01:13 / Observers) KILLER.GOAT: ffffffffuck
(01:15 / Observers) KILLER.GOAT: now hes confused
(01:20 / Observers) TehPactisSealed: LOL
(01:21 / Observers) Q-veta: 10/10
(01:23 / Observers) KILLER.GOAT: omfg
(01:27 / Observers) TehPactisSealed: make a youtube vid
(01:29 / Observers) TehPactisSealed: out of that
(01:30 / Observers) TehPactisSealed: someone
(01:30 / Observers) Q-veta: you know
(01:32 / Observers) Q-veta: on this map
(01:34 / Observers) KILLER.GOAT: lmaoooooooo
(01:35 / Observers) TehPactisSealed: NOW
(01:37 / Observers) Q-veta: there's a place with no creeps
(01:39 / Observers) TehPactisSealed: he is confused
(01:41 / Observers) Q-veta: it shows up on the map
(01:43 / Observers) Q-veta: THERE ARE NO CREEPS
(01:48 / Observers) Q-veta: christ how dumb can he be?
(01:48 / Observers) KILLER.GOAT: omg thats classic
(01:49 / All) SMERB.COM.COM: I lost more units out of laziness to your towers, than you killed.
(01:55 / Observers) KILLER.GOAT: worth he terrible game we are about to behold
(01:57 / Observers) KILLER.GOAT: *the
(02:01 / All) HoneyBlunt: ur a much better gamer
(02:03 / Observers) Nevergiveup: amazingly
(02:04 / Observers) Nevergiveup: last game
(02:05 / All) SMERB.COM.COM: I'm not saying anything negative about you, just throwing that out there.
(02:09 / Observers) Nevergiveup: HB had higher apm
(02:09 / All) SMERB.COM.COM: No, you obviously are.
(02:13 / All) SMERB.COM.COM: Since you won.
(02:15 / Observers) Nevergiveup: 102 hb 101 smerb
(02:18 / Observers) TehPactisSealed: you know archer kotg sucks vs anything ud can do
(02:21 / Observers) TehPactisSealed: except fiend dk
(02:26 / Observers) TehPactisSealed: funny how that works out
(02:36 / Observers) KILLER.GOAT: lmao
(02:39 / All) SMERB.COM.COM: lets chat on vent after this
(02:41 / All) SMERB.COM.COM: ok bud?
(02:44 / Observers) TehPactisSealed: what's the point of fast altar if you just
(02:46 / Observers) TehPactisSealed: camp your base
(02:51 / All) SMERB.COM.COM: 174.120.122.130
(02:55 / Observers) KILLER.GOAT: u can look at ur hero faster
(02:55 / All) SMERB.COM.COM: 3938
(02:57 / Observers) Q-veta: he's defending it
(03:00 / All) HoneyBlunt: 897
(03:02 / Observers) KILLER.GOAT: and that
(03:05 / All) HoneyBlunt: 867
(03:06 / All) SMERB.COM.COM: Shut up.
(03:08 / All) HoneyBlunt: 5309
(03:11 / Observers) TehPactisSealed: the scout path of the wisp
(03:14 / Observers) TehPactisSealed: in the minimap
(03:15 / Observers) TehPactisSealed: wow
(03:18 / Observers) KILLER.GOAT: lmao
(03:19 / Observers) TehPactisSealed: its still there
(03:21 / Observers) Q-veta: that was 10/10 right there
(03:24 / Observers) KILLER.GOAT: yes
(03:49 / Observers) TehPactisSealed: doesnt HB
(03:53 / Observers) TehPactisSealed: have an illidan icon
(03:55 / Observers) TehPactisSealed: ???
(04:00 / Observers) TehPactisSealed: how come he is so bad with elf
(04:01 / Observers) KILLER.GOAT: and close to rexxar
(04:03 / Observers) Q-veta: he has 6k games
(04:14 / Observers) Q-veta: it doesn't show
(04:35 / Observers) KILLER.GOAT: at least his hunter's hall is up
(04:45 / Observers) Nevergiveup: xen-BUICK :3: NOxen-BUICK :3: DONT YOU UNDESTANDxen-BUICK :3: I DONT CARE
(04:46 / Observers) TehPactisSealed: and now a tower
(04:46 / Observers) KILLER.GOAT: perfect timing
(04:53 / Observers) TehPactisSealed: lol tranced
(05:07 / Observers) TehPactisSealed: i am prolly enjoying this bo3 more than the final games
(05:10 / Observers) TehPactisSealed: if they ever happen.
(05:11 / Observers) Q-veta: i am so glad i came to obs
(05:17 / Observers) TehPactisSealed: so glad i called you
(05:19 / Observers) Nevergiveup: GOOD THING I INVITED YOU ROMANIAN
(05:19 / Observers) TehPactisSealed: <3
(05:24 / Observers) TehPactisSealed: i did
(05:24 / Observers) Q-veta: the wisp scout is the dumbest thing i've ever seen
(05:25 / Observers) Q-veta: ever
(05:27 / Observers) Nevergiveup: no i did, nigger
(05:29 / Observers) KILLER.GOAT: lmao
(05:29 / Observers) TehPactisSealed: to come
(05:36 / Observers) TehPactisSealed: obvious hack
(05:36 / Observers) Nevergiveup: come watch smerb get rapedQ-veta says: fine be there in 2 minutes
(05:48 / Observers) Nevergiveup: u shaddap
(05:59 / Observers) Ghetto_OverIord: i hope smerb wins this one
(06:03 / Observers) Q-veta: i remember when you could kill an archer with a lvl 3 coil
(06:04 / Observers) TehPactisSealed: run from the fiends ya
(06:07 / Observers) TehPactisSealed: ye
(06:08 / Observers) Q-veta: that was a fun time to play ud
(06:09 / Observers) Nevergiveup: hell be the laughingstock of wgdf if he doesnt
(06:10 / Observers) KILLER.GOAT: level 3 dk and 5 archewrs left yum
(06:12 / Observers) TehPactisSealed: especially
(06:16 / Observers) TehPactisSealed: on tm
(06:27 / Observers) TehPactisSealed: with the island expos
(06:38 / Observers) TehPactisSealed: and you would just massgargs
(06:43 / Observers) TehPactisSealed: and they would get archer talon
(06:45 / Observers) TehPactisSealed: from 3 expos
(06:50 / Observers) Q-veta: i usually only played noobs 4 years ago
(06:52 / Observers) TehPactisSealed: and you had 1 or 2 islands
(06:57 / Observers) Q-veta: so i usually just won with dk/lich and 2 fiends
(07:04 / Observers) TehPactisSealed: 2 fiends OO
(07:11 / Observers) Q-veta: i wasn't very good
(07:15 / Observers) Q-veta: still better than hb is now
(07:24 / Observers) TehPactisSealed: he used
(07:24 / Observers) Ghetto_OverIord: i like to get a dark ranger when i'm ud. it's fun silencing blademasters in 4s rt
(07:26 / Observers) TehPactisSealed: a manapot
(07:29 / Observers) TehPactisSealed: to heal a fiends
(07:30 / Observers) TehPactisSealed: ..
(07:32 / Observers) TehPactisSealed: fiend
(07:42 / Observers) TehPactisSealed: are you samu?
(07:44 / Observers) Q-veta: smerb is actually trying to play bad
(07:45 / Observers) KILLER.GOAT: hes just being liberal with his mana
(07:49 / Observers) Q-veta: it comes naturally to hb
(07:59 / Observers) Ghetto_OverIord: who?
(08:05 / Observers) TehPactisSealed: he is doing the worst possible creep route for fiends
(08:06 / Observers) TehPactisSealed: you
(08:07 / Observers) KILLER.GOAT: hugeboner
(08:11 / Observers) Ghetto_OverIord: no, i am not samu
(08:32 / Observers) Nevergiveup: xen-BUICK :3: if you couldnt tellxen-BUICK :3: im just making this last forever
(08:36 / Observers) Nevergiveup: from last game
(08:42 / Observers) KILLER.GOAT: lol
(08:49 / Observers) TehPactisSealed: WELL DIDNT LOOK LIKE THAT WHEN HE LOST HIS DK
(08:51 / Observers) Nevergiveup: xen-BUICK :3: capy paste thatxen-BUICK :3: to the obsxen-BUICK :3: I DONT CARE
(09:00 / Observers) Nevergiveup: lol
(09:04 / Observers) TehPactisSealed: lol
(09:19 / Observers) KILLER.GOAT: lol wtf
(09:22 / Observers) Q-veta: HOLY FUCK 2 KOTGS
(09:26 / Observers) KILLER.GOAT: lmao
(09:28 / Observers) TehPactisSealed: it should be impossible to lose this for smerb
(09:38 / Observers) TehPactisSealed: i think he can manage
(09:41 / Observers) TehPactisSealed: oh he does
(09:49 / Observers) TehPactisSealed: i think
(09:54 / Observers) TehPactisSealed: no really
(09:56 / Observers) KILLER.GOAT: oh gosh
(09:56 / Observers) Ghetto_OverIord: oh boy what
(09:58 / Observers) TehPactisSealed: how is he losing this
(10:13 / Observers) KILLER.GOAT: stalemate
(10:21 / Observers) Q-veta: this game is so bad rofl
(10:29 / Observers) TehPactisSealed: hunt dryad
(10:31 / Observers) TehPactisSealed: with no expo
(10:35 / Observers) TehPactisSealed: great counter to fiends
(10:39 / Observers) TehPactisSealed: oh nice warden second
(10:47 / Observers) TehPactisSealed: that will swing the game in his favour
(10:50 / Observers) KILLER.GOAT: lol
(10:54 / Observers) Q-veta: lol
(11:02 / Observers) TehPactisSealed: i am not even kidding
(11:02 / Observers) KILLER.GOAT: i would expect solo panda from honeyboner
(11:09 / Observers) TehPactisSealed: solo panda is pro
(11:16 / Observers) KILLER.GOAT: yea but noobs suck
(11:16 / Observers) TehPactisSealed: bem third
(11:17 / Observers) TehPactisSealed: oh wow
(11:17 / Observers) Q-veta: beastmaster lol
(11:28 / Observers) TehPactisSealed: bm pigs are good vs hunts tho
(11:43 / Observers) TehPactisSealed: MALORNE
(11:47 / Observers) Q-veta: the warden got there too late!
(11:54 / Observers) KILLER.GOAT: yea
(12:09 / Observers) KILLER.GOAT: coulda FOK'd the shit outta smerb
(12:10 / Observers) TehPactisSealed: smerb chatting with ya tranced?
(12:19 / Observers) Q-veta: maybe he picked blink first
(12:24 / Observers) Nevergiveup: ya its up
(12:28 / Observers) TehPactisSealed: to evade dangers
(12:29 / Observers) Nevergiveup: why
(12:37 / Observers) TehPactisSealed: he stood still
(12:42 / Observers) TehPactisSealed: i thought he was chatting
(12:45 / Observers) Nevergiveup: oh
(13:13 / Observers) Q-veta: good use of the warden's mana
(13:29 / Observers) TehPactisSealed: STACK THE BM WITH CLAWS
(13:31 / Observers) TehPactisSealed: DO IT SMERB
(13:45 / Observers) KILLER.GOAT: u mean LICH
(13:49 / Observers) TehPactisSealed: no bm
(13:52 / Observers) TehPactisSealed: since he picked bm
(13:54 / Observers) TehPactisSealed: for no reason
(13:57 / Observers) KILLER.GOAT: lol
(14:05 / Observers) Q-veta: he did it to "annoy" us
(14:14 / Observers) KILLER.GOAT: shoulda went tinker
(14:19 / Observers) Q-veta: that warden sure was useful
(14:23 / Observers) KILLER.GOAT: lmao
(14:24 / Observers) TehPactisSealed: tinker is actually useful
(14:28 / Observers) KILLER.GOAT: it served it's purpose.
(14:28 / Observers) TehPactisSealed: against that
(14:38 / Observers) TehPactisSealed: ROFL CRITTER BLOCK
(14:41 / Observers) KILLER.GOAT: shoulda went TINKER
(14:53 / Observers) Q-veta: pow
(14:55 / Observers) KILLER.GOAT: dryads vs wyrms
(14:57 / Observers) KILLER.GOAT: pro matchup
(15:01 / Observers) TehPactisSealed: why does smerb back up
(15:02 / Observers) TehPactisSealed: ..
(15:08 / Observers) Q-veta: he's trying to lose
(15:08 / Observers) TehPactisSealed: there he is
(15:12 / Observers) TehPactisSealed: getting more wyrms
(15:17 / Observers) Nevergiveup: '
(15:25 / Observers) TehPactisSealed: he thinks he does it to annoy us
(15:26 / Observers) KILLER.GOAT: gohuls frenzy imo
(15:29 / Observers) KILLER.GOAT: *ghoul
(15:29 / Observers) Q-veta: hb hasn't even started to revive his heroes yet
(15:31 / Observers) TehPactisSealed: but i am loling pretty hard
(15:33 / Observers) Q-veta: oh wait, just now
(15:45 / Observers) Q-veta: yeah thsi game is really entertaining
(15:47 / Observers) TehPactisSealed: Gish Eagle Eye is dead too
(15:54 / Observers) TehPactisSealed: yeah it is entertaining
(15:55 / Observers) TehPactisSealed: like
(15:58 / Observers) TehPactisSealed: a car accident
(16:03 / Observers) Ghetto_OverIord: lol
(16:04 / Observers) Q-veta: exactly
(16:06 / Observers) KILLER.GOAT: wisp scout pt. 2
(16:11 / Observers) Nevergiveup: ? ????? ?: smerb, you arent really annoying usxen-BUICK :3: excellent
(16:31 / Observers) KILLER.GOAT: why is ur name 7 question marks
(16:41 / Observers) Nevergiveup: oh i dont know...
(16:44 / Observers) KILLER.GOAT: lol
(16:50 / Observers) TehPactisSealed: time is 10:00
(16:53 / Observers) Q-veta: didn't he say he was an engineer or something?
(16:55 / Observers) TehPactisSealed: HB researches night vision
(17:04 / Observers) TehPactisSealed: god
(17:05 / Observers) Nevergiveup: whos an engineer?
(17:10 / Observers) Q-veta: honeyblunt i think
(17:12 / Observers) KILLER.GOAT: ULTRAVISIONNNNN
(17:14 / Observers) Nevergiveup: rofl good one
(17:21 / Observers) Nevergiveup: im an engineer, hb isnt
(17:33 / Observers) Q-veta: sounds like engineering is really easy if hb can do it
(17:44 / Observers) Nevergiveup: cant even imagine what firm would hire a loser like hb
(17:46 / Observers) TehPactisSealed: so HB lost all fights
(17:49 / Observers) TehPactisSealed: still has more food
(17:56 / Observers) Q-veta: he'll lose without his warden :(
(17:57 / Observers) Nevergiveup: rofl treants
(18:00 / Observers) KILLER.GOAT: he can engineer a 30 second expo wisp scout on echo
(18:07 / Observers) TehPactisSealed: nice one
(18:20 / Observers) KILLER.GOAT: FROST ARMOR DAT HOE
(18:27 / Observers) TehPactisSealed: WATCH ME CRANK IT
(18:34 / Observers) TehPactisSealed: or how does it go?
(18:37 / Observers) KILLER.GOAT: lmao
(18:39 / Observers) KILLER.GOAT: true
(18:57 / Observers) KILLER.GOAT: ronald reagan smiles upon thisgame
(18:59 / Observers) TehPactisSealed: you were right
(19:03 / Observers) TehPactisSealed: warden wasnt there
(19:04 / Observers) TehPactisSealed: he lost
(19:16 / Observers) Nevergiveup: he still has a good chance
(19:17 / Observers) TehPactisSealed: really
(19:19 / Observers) TehPactisSealed: now the dk
(19:20 / Observers) TehPactisSealed: is 5
(19:23 / Observers) TehPactisSealed: he techs t3
(19:30 / Observers) TehPactisSealed: nice coil
(19:49 / Observers) KILLER.GOAT: this is what u learn in ENG101
(19:52 / Observers) KILLER.GOAT: warden = win
(20:04 / Observers) Ghetto_OverIord: wat bout dh and/or starfall?
(20:08 / Observers) TehPactisSealed: didn't smerb have a beast master
(20:08 / Observers) TehPactisSealed: ?
(20:12 / Observers) KILLER.GOAT: no
(20:15 / Observers) KILLER.GOAT: that was a mirage
(20:19 / Observers) Nevergiveup: should i send false info to smerb about HB?
(20:22 / Observers) Q-veta: maybe he's like that firelord i made accidentally 2 days ago
(20:30 / Observers) TehPactisSealed: yea
(20:32 / Observers) TehPactisSealed: totally tranced
(20:36 / Observers) Nevergiveup: k
(20:36 / Observers) TehPactisSealed: give the game some SPICE
(20:41 / Observers) KILLER.GOAT: mass chims
(20:46 / Observers) TehPactisSealed: the kotg is almost 6
(20:47 / Observers) TehPactisSealed: wtf
(20:54 / Observers) KILLER.GOAT: lol
(20:59 / Observers) Q-veta: warden level 2
(21:00 / Observers) Q-veta: gg
(21:01 / Observers) KILLER.GOAT: OMG LVL2WARDEN
(21:15 / Observers) Q-veta: oh no!
(21:16 / Observers) Ghetto_OverIord: and smerb loses!
(21:18 / Observers) Nevergiveup: ROFL POW
(21:22 / Observers) KILLER.GOAT: LOL
(21:27 / Observers) Q-veta: hb won
(21:28 / Observers) KILLER.GOAT: RUN HB
(21:34 / Observers) Q-veta: as long as he has his warden he's winning
(21:39 / Observers) KILLER.GOAT: yes
(21:45 / Observers) KILLER.GOAT: warden directly equates to victory
(21:52 / Observers) TehPactisSealed: orb on dk
(21:53 / Observers) TehPactisSealed: wow
(22:01 / Observers) KILLER.GOAT: u need it vs dryads
(22:11 / Observers) KILLER.GOAT: makes their vaginas crispy
(22:11 / Observers) TehPactisSealed: did he do it because tranced talked about mass chims
(22:12 / Observers) TehPactisSealed: or what
(22:19 / Observers) Nevergiveup: what should i tell smerb
(22:26 / Observers) TehPactisSealed: 70 food
(22:28 / Observers) TehPactisSealed: bears incoming
(22:30 / Observers) KILLER.GOAT: chimaera roosts near turtle creeps south
(23:00 / Observers) TehPactisSealed: MALORNE GO
(23:09 / Observers) KILLER.GOAT: karl malorne
(23:30 / Observers) Q-veta: no warden :(
(23:34 / Observers) TehPactisSealed: smerb needs more wyrms
(23:37 / Observers) TehPactisSealed: against the dryads
(23:47 / Observers) Q-veta: smerb needs to win this before the warden gets here
(23:52 / Observers) KILLER.GOAT: lmao
(23:53 / Observers) TehPactisSealed: too late
(24:00 / Observers) KILLER.GOAT: sira
(24:07 / Observers) KILLER.GOAT: latin for win
(24:19 / Observers) Q-veta: honeyblunt
(24:21 / Observers) Q-veta: latin for AIDS
(24:25 / Observers) KILLER.GOAT: hahahja
(24:29 / Observers) TehPactisSealed: lol
(24:33 / Observers) TehPactisSealed: oh man smerb
(24:39 / Observers) KILLER.GOAT: PRO DEATH
(24:41 / Observers) TehPactisSealed: losing to kotg warden
(24:45 / All) SMERB.COM.COM: gg